 Dungeon Crawl Stone Soup version 0.29.1-1-gd02db6906a (webtiles) character file.

Game seed: 3935085986685059984

25 GigaChad the Magician (level 3, 0/25 HPs)
             Began as a Djinni Conjurer on Sept 21, 2022.
             Slain by a hobgoblin (4 damage)
             ... on level 2 of the Dungeon.
             The game lasted 00:02:58 (1227 turns).

GigaChad the Magician (Djinni Conjurer)             Turns: 1227, Time: 00:02:58

Health: 0/25       AC:  2    Str:  6    XL:     3   Next: 17%
Gold:   76         EV: 12    Int: 17    God:
                   SH:  0    Dex: 13

rFire   + + .      SeeInvis .   c - +0 dagger
rCold   x . .      Faith    .   (no shield)
rNeg    . . .      Spirit   .   a - +0 robe
rPois   ∞          Reflect  .   (no helmet)
rElec   .          Harm     .   (no cloak)
rCorr   .          Rampage  .   (no gloves)
Will    .....                   (boots unavailable)
Stlth   ++........              (no amulet)
HPRegen 0.08/turn               (no ring)
MPRegen 0.00/turn               (no ring)

@: flying
A: sickness immunity, fire resistance 2, cold vulnerability 1, float, innate
caster, HP casting, extra vitality 1, dopey 1
a: no special abilities


You were on level 2 of the Dungeon.
You visited 1 branch of the dungeon, and saw 2 of its levels.

You collected 76 gold pieces.

Inventory:

Hand Weapons
 c - a +0 dagger (weapon)
Armour
 a - a +0 robe (worn)
Jewellery
 f - a ring of protection from fire
Scrolls
 b - 2 scrolls of identify
 g - a scroll of magic mapping {unknown}
Potions
 d - a potion of cancellation {unknown}
 e - a potion of flight {unknown}


   Skills:
 - Level 2.1 Dodging
 - Level 1.5 Stealth
 + Level 3.9 Spellcasting


You couldn't memorise any spells.
You knew the following spells:

 Your Spells              Type           Power      Damage    Failure   Level
a - Magic Dart            Conj           64%        1d6       3%          1
b - Searing Ray           Conj           32%        2d5       4%          2
c - Dazzling Flash        Conj/Hex       32%        N/A       10%         3
d - Fulminant Prism       Conj/Hex       8%         3d7       30%         4
e - Iskenderun's Mystic   Conj/Tloc      16%        2d5       30%         4
f - Shock                 Conj/Air       64%        1d7       3%          1
Your spell library was empty.

Dungeon Overview and Level Annotations

Branches:
Dungeon (2/15)

Altars:

Shops:
D:2 [


Innate Abilities, Weirdness & Mutations

You are immune to sickness and miasma.
You are immune to poison.
Your flesh is very heat resistant. (rF++)
You are vulnerable to cold. (rC-)
You float through the air rather than walking.
You learn spells naturally, not from books.
Your magical power is your life essence.
You have superior vitality. (+4 MHP)
You are dopey. (Int -2)


Message History

The quokka bites you. The rat barely misses you. The quokka misses you.
You barely miss the quokka.
The quokka is heavily wounded.
The quokka bites you. The rat completely misses you.
You hit the quokka but do no damage.
The quokka is heavily wounded.
The quokka barely misses you. The rat bites you.
You barely miss the quokka.
The quokka is heavily wounded.
The quokka barely misses you. The rat bites you but does no damage.
You hit the quokka. You punch the quokka, but do no damage.
The quokka is severely wounded.
The quokka closely misses you. The rat bites you.
* * * LOW HITPOINT WARNING * * *
You barely miss the quokka.
The quokka is severely wounded.
The quokka bites you.
* * * LOW HITPOINT WARNING * * *
The rat bites you.
* * * LOW HITPOINT WARNING * * *
The quokka barely misses you.
You are too injured to fight recklessly!
You are too injured to fight recklessly!
You are too injured to fight recklessly!
You are too injured to fight recklessly!
The quokka attacks as you move away! The quokka misses you.
The rat closely misses you. The rat attacks as you move away!
The rat misses you. The quokka attacks as you move away!
The quokka barely misses you.
You hit the quokka.
The quokka is almost dead.
The quokka closely misses you.
The quokka twitches its whiskers.
The quokka barely misses you.
You hit the quokka.
You kill the quokka!
You hit the hobgoblin.
The hobgoblin is severely wounded.
The hobgoblin hits you.
You die...

#.####<#..#
####...8.∩.8..
.....####.#..#
#.#### ..# #.# ..#
#.# #.# #.# # #.#
#.# ###.##.#####
#.# #.......rg@#
#.#
#.#.##.###........
#.# #. #.#
#########.# ..#
#)##.# .# .##
#....# .# .#
###..# #### ####.#
.# #..###...
....#### .#####
#........ ......
.....##.#
#.####.##
###..######


You could see a hobgoblin and a rat.

Vanquished Creatures
  A dart slug (D:2)
  An endoplasm (D:2)
  A goblin (D:1)
  2 hobgoblins (D:1)
  A quokka (D:2)
  4 ball pythons
  2 bats (D:1)
  2 frilled lizards (D:2)
  5 kobolds (D:1)
  4 rats (D:1)
23 creatures vanquished.

Vanquished Creatures (others)
  A plant (D:1)
1 creature vanquished.

Grand Total: 24 creatures vanquished

Notes
Turn   | Place    | Note
-------+----------+-------------------------------------------
     0 | D:1      | GigaChad the Djinni Conjurer began the quest for the Orb.
     0 | D:1      | GigaChad set off with the following spells memorised: Magic
                  | Dart, Searing Ray, Dazzling Flash, Fulminant Prism,
                  | Iskenderun's Mystic Blast.
     0 | D:1      | Reached XP level 1. HP: 15/15 MP: 0/0
   161 | D:1      | Found a faded altar of an unknown god.
   279 | D:1      | Reached XP level 2. HP: 20/21 MP: 0/0
   645 | D:1      | Gained mutation: You are dopey. (Int -2) [potion of
                  | mutation]
  1086 | D:2      | Found Kafum's Armour Shop.
  1122 | D:2      | Reached XP level 3. HP: 23/25 MP: 0/0
  1122 | D:2      | Learned a level 1 spell: Shock
  1227 | D:2      | Slain by a hobgoblin

Illustrated notes

Levels and vault maps discovered:
D:1:      wheals_arrival_shading, layout_loops_cross,
          dreamdust_ecumenical_altar_grove
D:2:      wander_river, layout_loops_ring, serial_shops,
          nicolae_shop_statue_plus

Action                   || total
-------------------------++-------
Melee: Dagger            ||    14
       Punch             ||     1
 Cast: Magic Dart        ||    38
  Use: Scroll            ||     1
       Potion            ||     1
Armor: Robe              ||     1
Dodge: Dodged            ||    23
